 Dungeon Crawl Stone Soup version 0.17.0-28-g6e173f8 (webtiles) character file.

156 tp1 the Conjurer (level 5, -5/28 HPs)
             Began as a Deep Elf Conjurer on Nov 16, 2015.
             Slain by Sigmund
             ... wielding a +0 scythe
              (12 damage)
             ... on level 3 of the Dungeon on Nov 25, 2015.
             The game lasted 00:11:22 (2891 turns).

tp1 the Conjurer (Deep Elf Conjurer)                Turns: 2891, Time: 00:11:23

Health: -5/28      AC:  2    Str:  5    XL:     5   Next: 14%
Magic:  14/14      EV: 18    Int: 21    God:
Gold:   162        SH:  0    Dex: 20    Spells: 3 memorised, 5 levels left

rFire  . . .     SeeInvis .     g - +0 short sword
rCold  . . .     Clarity  .     a - +0 robe
rNeg   . . .     SustAt   .     (no shield)
rPois  .         Gourm    .     (no helmet)
rElec  .         Spirit   .     (no cloak)
rCorr  .         Warding  .     (no gloves)
rMut   .         Stasis   .     (no boots)
MR     .....                    (no amulet)
Stlth  ++........               (no ring)
                                (no ring)

@: confused, agile, not resistant to hostile enchantments, unstealthy
A: mutation resistance 1
a: no special abilities


You were on level 3 of the Dungeon.
You were not hungry.

You visited 1 branch of the dungeon, and saw 3 of its levels.

You collected 162 gold pieces.

Inventory:

Hand Weapons
 g - a +0 short sword (weapon)
Armour
 a - a +0 robe (worn)
Scrolls
 e - 4 scrolls of remove curse {unknown}
 f - 3 scrolls of identify {unknown}
 i - a scroll of noise {unknown}
 j - 4 scrolls of recharging {unknown}
 k - a scroll of amnesia {unknown}
 m - a scroll of enchant armour {unknown}
 p - a scroll of blinking {unknown}
Books
 b - a book of Conjurations

   Spells                             Type                      Level
   a - Magic Dart                     Conjuration                  1
   b - Searing Ray                    Conjuration                  2
   c - Dazzling Spray                 Conjuration/Hexes            3
   d - Fulminant Prism                Conjuration/Hexes            4
   e - Iskenderun's Mystic Blast      Conjuration                  4
   f - Iskenderun's Battlesphere      Conjuration/Charms           5
Comestibles
 c - a bread ration
 l - 3 meat rations
 r - 2 chunks of flesh


   Skills:
 - Level 2.4 Dodging
 - Level 2.4 Stealth
 + Level 4.9 Spellcasting
 - Level 6.3 Conjurations


You had 5 spell levels left.
You knew the following spells:

 Your Spells              Type           Power        Failure   Level  Hunger
a - Magic Dart            Conj           ####         1%          1    None
b - Searing Ray           Conj           ####..       1%          2    None
c - Iskenderun's Battles  Conj/Chrm      ###.....     87%         5    #####..


Dungeon Overview and Level Annotations

Branches:
Dungeon (3/15)

Altars:

Annotations:
D:3 Natasha, Sigmund, Terence


Innate Abilities, Weirdness & Mutations

You are somewhat resistant to further mutation.


Message History

Sigmund zaps a wand.
You resist with some effort.
You feel less woody.
Your +0 robe unmelds from your body.
Sigmund screams, "I am the angel of ZOT!!!"
Sigmund barely misses you.
Sigmund zaps a wand.
You are more confused.
Sigmund closely misses you. Sigmund gestures at you while chanting.
The magic dart hits you!
Sigmund zaps a wand.
You resist with some effort.
Sigmund zaps a wand.
You are more confused.
Sigmund zaps a wand.
Nothing appears to happen.
Sigmund points at you and mumbles some strange words.
The puff of flame hits you!
* * * LOW HITPOINT WARNING * * *
Sigmund barely misses you.
Sigmund hits you from afar with a scythe!
You die...

#..........#
#...>......##
###..........#######
..........#.[......#
....########...###.
....# ###...# ....#
###.# ..).# #.######
..[.#### #@.@...#
<....... ######..#
....#### .@> ....# #
#####


You could see Sigmund.

Vanquished Creatures
  Ijyb (D:2)
  Jessica (D:3)
  An adder (D:3)
  4 oozes
  2 worms
  5 bats
  2 giant cockroaches (D:2)
  8 goblins
  11 hobgoblins
  11 jackals
  5 kobolds
  2 quokkas (D:2)
  A ball python (D:2)
  4 giant newts (D:1)
  9 rats
67 creatures vanquished.

Notes
Turn   | Place    | Note
--------------------------------------------------------------
     0 | D:1      | tp1 the Deep Elf Conjurer began the quest for the Orb.
     0 | D:1      | Reached XP level 1. HP: 10/10 MP: 6/6
   341 | D:1      | Upgraded the game from 0.17.0-24-gcfadda4 to 0.17.0-28-g6e173f8
   402 | D:1      | Reached XP level 2. HP: 15/15 MP: 6/8
   406 | D:1      | Learned a level 2 spell: Searing Ray
   427 | D:1      | Reached skill level 5 in Conjurations
   952 | D:1      | Reached XP level 3. HP: 19/19 MP: 7/9
  1400 | D:2      | Noticed Ijyb
  1412 | D:2      | Killed Ijyb
  1412 | D:2      | Reached skill level 6 in Conjurations
  1412 | D:2      | Reached XP level 4. HP: 13/24 MP: 0/10
  2628 | D:3      | Noticed Natasha
  2628 | D:3      | Noticed Terence
  2733 | D:3      | Noticed Jessica
  2740 | D:3      | Killed Jessica
  2740 | D:3      | Reached XP level 5. HP: 26/28 MP: 8/14
  2758 | D:3      | Learned a level 5 spell: Iskenderun's Battlesphere
  2777 | D:3      | Noticed Sigmund
  2843 | D:3      | Gained mutation: You are somewhat resistant to further mutation. [potion of mutation]
  2891 | D:3      | Slain by Sigmund

Action                   |  1- 3 |  4- 6 || total
-------------------------+-------+-------++-------
Melee: Short sword       |     3 |     3 ||     6
 Cast: Magic Dart        |    69 |    37 ||   106
       Searing Ray       |     2 |    10 ||    12
  Use: Potion            |       |     6 ||     6
  Eat: Chunk             |     1 |     5 ||     6
